 Dungeon Crawl Stone Soup version 0.27.0-1-g7a089689b8 (webtiles) character file.

Game seed: 9533738011259124301

52079 SnakkuSnakku7 the Impaler (level 14, -2/91 HPs)
             Began as a Gargoyle Enchanter on Aug 15, 2021.
             Was the Champion of Qazlal.
             Slain by a meliai (4 damage)
             ... on level 5 of the Abyss.
             The game lasted 00:28:47 (15418 turns).

SnakkuSnakku7 the Impaler (Gargoyle Enchanter)     Turns: 15418, Time: 00:28:47

Health: -2/91      AC: 42    Str: 11 (13) XL:     14   Next: 62%
Magic:  11/11      EV:  0    Int: 11 (12) God:    Qazlal [******]
Gold:   1592       SH:  8    Dex:  4 (6)  Spells: 17/17 levels left

rFire    . . .     SeeInvis .   a - +4 glaive (elec)
rCold    + . .     Faith    .   (shield currently unavailable)
rNeg     + . .     Spirit   .   v - +8 crystal plate armour
rPois    ∞         Reflect  .   i - +0 helmet
rElec    +         Harm     .   q - +1 cloak
rCorr    .         Rampage  .   B - +0 pair of gloves
Will     ++...     Rnd*Rage +   I - +0 pair of boots Stlth ..........Rnd*Tele +
                                E - amulet of regeneration
HPRegen  0.00/turn              e - ring of protection from cold
MPRegen  0.12/turn              y - ring of willpower

@: berserking, protected from physical damage, unable to read, flying, inhibited
regen, repel missiles, very quick
A: sickness immunity, AC +10, big wings, negative energy resistance 1,
electricity resistance, torment resistance 1, petrification resistance, [berserk
3], [clumsy 2], [deformed body], [deterioration 2], [dopey 2], frail 1[+2], [low
mp 3], [screaming 2], [inhibited regeneration], [teleportitis 2], [weak 2], [no
potion heal 2], [subdued magic 3], [inability to read while threatened]
a: Renounce Religion, Upheaval, Elemental Force, Disaster Area


You were on level 5 of the Abyss.
You worshipped Qazlal.
Qazlal was exalted by your worship.
You visited 3 branches of the dungeon, and saw 17 of its levels.
You visited the Abyss 1 time.
You also visited: Gauntlet.

You collected 3115 gold pieces.
You spent 1523 gold pieces at shops.

Inventory:

Hand Weapons
 a - a +4 glaive of electrocution (weapon)
 b - a +0 trident
Missiles
 c - 7 curare-tipped darts (quivered)
Armour
 i - a +0 helmet (worn)
 q - a +1 cloak (worn)
 v - a +8 crystal plate armour (worn)
 B - a +0 pair of gloves (worn)
 F - a +1 pair of gloves
 I - a +0 pair of boots (worn)
Jewellery
 e - a ring of protection from cold (left hand)
 y - a ring of willpower (right hand)
 E - an amulet of regeneration (around neck)
 M - a ring of see invisible
Wands
 d - a wand of acid (9)
 u - a wand of paralysis (9)
 x - a wand of polymorph (15)
 H - a wand of charming (8)
Scrolls
 f - 2 scrolls of holy word
 g - 6 scrolls of fog
 k - 3 scrolls of vulnerability
 o - 3 scrolls of blinking
 r - 3 scrolls of fear
 s - a scroll of summoning
 t - 8 scrolls of teleportation
 w - a scroll of magic mapping
 N - a scroll of immolation
Potions
 h - 4 potions of cancellation
 j - 6 potions of curing
 l - 2 potions of attraction
 m - a potion of ambrosia
 n - 2 potions of mutation
 p - 4 potions of lignification
 z - a potion of flight
 A - 2 potions of brilliance
 C - 5 potions of resistance
 D - 2 potions of might
 L - 2 potions of magic


   Skills:
 - Level 10.6 Fighting
 - Level 0.8 Short Blades
 - Level 4.9(12.7) Axes
 - Level 17.5(17.8) Polearms
 + Level 10.7 Armour
 - Level 1.5 Dodging
 - Level 3.2 Stealth
 - Level 2.0 Spellcasting
 - Level 2.6 Hexes


You had 17 spell levels left.
You didn't know any spells.
Your spell library contained the following spells:

 Spells                   Type           Power      Damage    Failure   Level
 Corona                   Hex            3%         N/A       100%        1
 Blink                    Tloc           N/A        N/A       100%        2
 Ensorcelled Hibernation  Hex/Ice        4%         N/A       100%        2
 Call Canine Familiar     Summ           0%         N/A       100%        3
 Confusing Touch          Hex            3%         N/A       100%        3
 Dazzling Flash           Conj/Hex       4%         N/A       100%        3
 Lesser Beckoning         Tloc           0%         N/A       100%        3
 Portal Projectile        Hex/Tloc       4%         N/A       100%        3
 Tukima's Dance           Hex            3%         N/A       100%        3
 Leda's Liquefaction      Hex/Erth       1%         N/A       100%        4
 Passage of Golubria      Tloc           N/A        N/A       100%        4
 Blade Hands              Tmut           0%         N/A       100%        5
 Excruciating Wounds      Necr           0%         N/A       100%        5
 Fireball                 Conj/Fire      0%         3d3       100%        5
 Iskenderun's Battlesphe  Conj           0%         2d6       100%        5
 Manifold Assault         Tloc           0%         N/A       100%        5
 Yara's Violent Unravell  Hex/Tmut       1%         3d3       100%        5
 Conjure Ball Lightning   Conj/Air       0%         3x3d6     100%        6
 Orb of Destruction       Conj           0%         N/A       100%        7


Dungeon Overview and Level Annotations

Branches:
Dungeon (10/15)            Temple (1/1) D:6            Lair (6/6) D:9
 Shoals (0/4) Lair:2        Snake (0/4) Lair:4        Slime (0/5) Lair:5
Gauntlet (visited)
    Orc: D:9-12

Altars:
Ashenzari
Cheibriados
Dithmenos
Elyvilon
Gozag
Makhleb
Nemelex Xobeh
Okawaru
Qazlal
Ru
Trog
Uskayaw
Vehumet
Xom
Yredelemnul
Beogh

Shops:
D:2 ?   D:5 ?*   D:6 *   D:9 [

Annotations:
Lair:1 2 transporters, Baboyrad's ghost, journeyman GnAr Gauntlet 13 transporters


Innate Abilities, Weirdness & Mutations

You are immune to sickness and miasma.
Your stone body is resilient. (AC +10)
You are immune to poison.
Your large and strong wings let you fly.
You resist negative energy. (rN+)
You are resistant to electric shocks. (rElec)
You are resistant to unholy torment.
You are immune to petrification.
[You have an uncontrollable temper.]
[You are very clumsy. (Dex -4)]
[Armour fits poorly on your strangely shaped body.]
[Your body often deteriorates upon taking damage.]
[You are very dopey. (Int -4)]
[You are extremely frail. (-30% HP)]
[Your magical capacity is extremely low. (-30% MP)]
[You frequently scream uncontrollably at your foes.]
[You do not regenerate when monsters are visible.]
[You are sometimes teleported next to monsters.]
[You are very weak. (Str -4)]
[Potions cannot restore your health.]
[Your spells are much easier to cast, but much less powerful.]
[You sometimes lose the ability to read scrolls when taking damage.]


Message History

The bush is lightly damaged.
You hear an angry buzzing noise.
You slash the bush!
The bush is moderately damaged.
You hear an angry buzzing noise.
You hit the bush but do no damage.
The bush is moderately damaged.
The meliai hits you with a +0 hand axe.
You feel threatened and lose the ability to read scrolls!
* * * LOW HITPOINT WARNING * * *
You block the meliai's attack.
Unknown command.
Okay, then.
You slash the meliai!
The meliai is heavily wounded.
The meliai hits you with a +0 hand axe.
* * * LOW HITPOINT WARNING * * *
You feel more protected from physical attacks.
You block the meliai's attack.
Unknown command.
Your crystal plate armour prevents you from hitting the meliai.
The meliai is heavily wounded.
The meliai hits you with a +0 hand axe.
* * * LOW HITPOINT WARNING * * *
The meliai stings you but does no damage.
The meliai hits you but does no damage.
The meliai stings you but does no damage.
You have no ailments to cure.
You have no ailments to cure.
Okay, then.
A red film seems to cover your vision as you go berserk!
You feel yourself moving faster!
You feel mighty!
You miss the meliai.
The meliai is heavily wounded.
The meliai hits you but does no damage.
The meliai stings you but does no damage.
The meliai hits you but does no damage. You block the meliai's attack.
Your crystal plate armour prevents you from hitting the meliai.
The meliai is heavily wounded.
The meliai hits you with a +0 hand axe.
You die...

y. #.... #.
#....# #.
#...#.# ##.
.≈...#.##.#
#≈#.......#
.≈...!..○○##.#
#.?..P.y°...#.#
.≈...PP@P....#
....PPPPPPP..#
.....P°P§PP.....
..P. PPPP.P..#..
.#. .P...... .
.. ....P.... . .
[..../...
.#.#.#.


You could see a meliai.

Vanquished Creatures
  A tentacled starspawn (Abyss:3)
  Snorg (Lair:6)
  Harold (Lair:2)
  A rakshasa (Abyss:3)
  5 hydras
  Fannar (D:10)
  Erica (D:8)
  A two-headed ogre (D:6)
  5 death yaks (Lair:5)
  A thrashing horror (Abyss:4)
  2 wretched stars (Abyss:3)
  A spriggan (Lair:4)
  3 elephants
  A worldbinder (Abyss:3)
  A merfolk siren (Lair:2)
  5 black mambas
  6 large abominations
  Joseph (D:7)
  2 smoke demons (Abyss:3)
  10 cane toads
  2 rime drakes
  10 komodo dragons
  An efreet (Abyss:3)
  A freezing wraith (Abyss:3)
  2 ancient zymes (Abyss:3)
  2 polar bears (Lair:5)
  Grinder (D:5)
  2 hornets
  20 blink frogs
  Sigmund (D:3)
  A wraith (Abyss:3)
  A shadow (D:10)
  4 wyverns
  37 yaks
  A yak (shapeshifter) (Abyss:3)
  2 steam dragons
  Grum (D:8)
  3 basilisks
  9 nagas (Lair:4)
  An acid dragon (D:9)
  21 water moccasins
  Duvessa (D:5)
  3 black bears
  A hornet zombie (D:8)
  Purgy (D:4)
  7 orc warriors
  An ice beast (D:8)
  A sky beast (D:5)
  3 ogres
  A necrophage (D:6)
  5 centaurs
  51 wolves
  2 kobold brigands (D:8)
  14 bullfrogs
  3 scorpions
  Dowan (D:5)
  A small abomination (Abyss:3)
  A water moccasin skeleton (D:7)
  6 killer bees (D:7)
  8 wights
  6 howler monkeys
  2 electric eels (Lair:6)
  3 centaur zombies
  A quasit (Abyss:3)
  4 orc priests
  A bullfrog zombie (D:5)
  A bullfrog skeleton (D:6)
  2 centaur skeletons (D:6)
  4 hounds
  2 iron imps (Abyss:3)
  A scorpion zombie (D:5)
  2 iguanas
  7 orc wizards
  3 killer bee zombies
  2 hound skeletons
  Robin (D:2)
  A howler monkey zombie (D:9)
  8 adders
  2 white imps
  An ufetubus (D:4)
  An adder skeleton (D:4)
  2 worms
  A dart slug (D:2)
  36 orcs
  4 ball pythons
  7 endoplasms
  4 giant cockroaches
  10 goblins
  14 hobgoblins
  9 jackals
  7 kobolds
  2 quokkas
  7 bats
  5 rats
  A starspawn tentacle (Abyss:3)
448 creatures vanquished.

Vanquished Creatures (others)
  An orc wizard (D:7)
  13 demonic plants
  8 fungi
  26 plants
  2 starspawn tentacles (Abyss:3)
  A withered plant (Lair:6)
51 creatures vanquished.

Grand Total: 499 creatures vanquished

Notes
Turn   | Place    | Note
-------+----------+-------------------------------------------
     0 | D:1      | SnakkuSnakku7 the Gargoyle Enchanter began the quest for
                  | the Orb.
     0 | D:1      | Reached XP level 1. HP: 10/10 MP: 3/3
   234 | D:1      | Reached skill level 1 in Fighting
   266 | D:1      | Reached XP level 2. HP: 17/17 MP: 5/5
   642 | D:2      | Found Zekel's Magic Scroll Boutique.
   654 | D:2      | Bought a scroll of identify for 24 gold pieces
   654 | D:2      | Bought a scroll of noise for 12 gold pieces
   708 | D:2      | Reached XP level 3. HP: 16/22 MP: 6/6
   925 | D:2      | Noticed Robin
  1451 | D:2      | Killed Robin
  1547 | D:2      | Reached XP level 4. HP: 28/29 MP: 7/7
  2093 | D:3      | Noticed Sigmund
  2790 | D:4      | Reached XP level 5. HP: 25/34 MP: 8/8
  2799 | D:4      | Reached skill level 5 in Fighting
  3023 | D:4      | Reached skill level 1 in Polearms
  3522 | D:4      | Noticed Purgy
  3536 | D:4      | Killed Purgy
  3537 | D:4      | Reached XP level 6. HP: 21/42 MP: 9/9
  3734 | D:3      | Killed Sigmund
  3735 | D:3      | Reached XP level 7. HP: 48/48 MP: 10/10
  3814 | D:3      | Found a sacrificial altar of Ru.
  3910 | D:5      | Entered Level 5 of the Dungeon
  3984 | D:5      | Found Pijiotor's Magic Scroll Boutique.
  3987 | D:5      | Bought a scroll of identify for 26 gold pieces
  3987 | D:5      | Bought a scroll of fog for 26 gold pieces
  3987 | D:5      | Bought a scroll of identify for 26 gold pieces
  4232 | D:5      | Noticed Grinder
  4306 | D:5      | Reached XP level 8. HP: 56/56 MP: 11/11
  4359 | D:5      | Noticed Duvessa
  4359 | D:5      | Noticed Dowan
  4378 | D:5      | Killed Duvessa
  4379 | D:5      | Reached skill level 10 in Fighting
  4389 | D:5      | Killed Dowan
  4409 | D:5      | Found Raurphate's General Store.
  4513 | D:5      | Found a shadowy altar of Dithmenos.
  4598 | D:5      | Killed Grinder
  4599 | D:5      | Reached skill level 1 in Axes
  4982 | D:6      | Noticed a two-headed ogre
  5048 | D:6      | HP: 1/59 [two-headed ogre (4)]
  5197 | D:6      | Reached XP level 9. HP: 59/63 MP: 12/12
  5345 | D:6      | Found a staircase to the Ecumenical Temple.
  5352 | Temple   | Entered the Ecumenical Temple
  5439 | Temple   | Became a worshipper of Qazlal Stormbringer
  5539 | D:6      | Found Jeampod's General Store.
  5587 | D:6      | Reached skill level 2 in Polearms
  5623 | D:6      | Reached skill level 3 in Polearms
  5681 | D:6      | Found a hide-covered altar of Uskayaw.
  5718 | D:6      | Found a white marble altar of Elyvilon.
  5731 | D:6      | You fall into a shaft and drop 2 floors!
  5732 | D:8      | Noticed Erica
  5746 | D:8      | Killed Erica
  5747 | D:8      | Reached skill level 5 in Polearms
  5766 | D:8      | Reached * piety under Qazlal
  5767 | D:8      | Reached skill level 6 in Polearms
  5869 | D:8      | Noticed Grum
  5902 | D:8      | Found a runed translucent door.
  6175 | D:8      | Reached skill level 7 in Polearms
  6175 | D:8      | Reached XP level 10. HP: 51/68 MP: 13/13
  6413 | D:5      | Bought a scroll of enchant weapon for 97 gold pieces
  6643 | D:6      | Identified the +7 ring mail of Jouzxe Joyrch {Int+6}
  6757 | D:7      | Reached skill level 8 in Polearms
  6998 | D:7      | Noticed Joseph
  7041 | D:7      | Reached ** piety under Qazlal
  7047 | D:7      | Killed Joseph
  7048 | D:7      | Reached skill level 9 in Polearms
  7189 | D:7      | Found a sparkling altar of Nemelex Xobeh.
  7314 | D:6      | Killed a two-headed ogre
  7530 | D:8      | Reached skill level 10 in Polearms
  7579 | D:8      | Killed Grum
  8062 | D:8      | Reached XP level 11. HP: 64/73 MP: 14/14
  8292 | D:9      | Reached *** piety under Qazlal
  8317 | D:9      | Reached skill level 11 in Polearms
  8572 | D:9      | Found a bloodstained altar of Trog.
  8684 | D:9      | Found a staircase to the Lair.
  8848 | D:9      | Found Isiemm's Armour Boutique.
  8947 | D:10     | Entered Level 10 of the Dungeon
  8954 | D:10     | Identified the +3 buckler "Miruorgh" {Str+7}
  9015 | D:10     | Found a burning altar of Makhleb.
  9018 | D:10     | Found a broken altar of Ashenzari.
  9021 | D:10     | Found a basalt altar of Yredelemnul.
  9251 | D:10     | Noticed Fannar
  9269 | D:10     | Killed Fannar
  9270 | D:10     | Reached skill level 12 in Polearms
  9345 | D:10     | Found an iron altar of Okawaru.
  9641 | D:5      | Bought a scroll of fog for 20 gold pieces
  9641 | D:5      | Bought a potion of resistance for 100 gold pieces
  9690 | D:5      | Bought a scroll of fear for 45 gold pieces
  9690 | D:5      | Bought 3 scrolls of enchant armour for 292 gold pieces
  9856 | Lair:1   | Entered Level 1 of the Lair of Beasts
  9919 | Lair:1   | Found a transporter.
  9919 | Lair:1   | Found a transporter.
  9923 | Lair:1   | Noticed a spriggan berserker
  9923 | Lair:1   | Noticed a spriggan rider
  9924 | Lair:1   | Noticed Baboyrad's ghost (journeyman GnAr)
  9925 | Lair:1   | Noticed a spriggan rider
  9925 | Lair:1   | Noticed a moth of wrath
  9926 | Lair:1   | Found a bloodstained altar of Trog.
 10129 | Lair:1   | Noticed a five-headed hydra
 10172 | Lair:1   | Reached skill level 13 in Polearms
 10210 | Lair:1   | Killed a five-headed hydra
 10267 | Lair:1   | Noticed a four-headed hydra
 10285 | Lair:1   | Killed a four-headed hydra
 10285 | Lair:1   | Reached **** piety under Qazlal
 10286 | Lair:1   | Reached XP level 12. HP: 45/79 MP: 15/15
 10674 | Lair:2   | Identified a scroll of acquirement
 10674 | Lair:2   | Acquired 998 gold pieces
 10887 | D:5      | Bought a scroll of enchant armour for 97 gold pieces
 10887 | D:5      | Bought a scroll of acquirement for 676 gold pieces
 10887 | D:5      | Acquired a +2 crystal plate armour
 10975 | D:6      | Bought a scroll of enchant armour for 82 gold pieces
 11197 | Lair:2   | Found a staircase to the Shoals.
 11254 | Lair:2   | Noticed a seven-headed hydra
 11266 | Lair:2   | Noticed Harold
 11268 | Lair:2   | Killed a seven-headed hydra
 11269 | Lair:2   | Reached skill level 14 in Polearms
 11283 | Lair:2   | Killed Harold
 12024 | Lair:3   | Reached skill level 15 in Polearms
 12615 | Lair:4   | Reached XP level 13. HP: 76/83 MP: 16/16
 12668 | Lair:4   | Identified the +1 war axe "Kumiep" {vorpal, *Slow Int-5
                  | Dex+8 SInv}
 12810 | Lair:4   | Reached skill level 16 in Polearms
 12827 | Lair:4   | Found a staircase to the Snake Pit.
 13010 | Lair:4   | Reached ***** piety under Qazlal
 13792 | Lair:5   | Reached skill level 17 in Polearms
 13936 | Lair:5   | Found a staircase to the Slime Pits.
 14308 | Lair:5   | Acquired 744 gold pieces
 14558 | Lair:6   | Entered Level 6 of the Lair of Beasts
 14569 | Lair:6   | Noticed Snorg
 14586 | Lair:6   | Gained mutation: Your large and strong wings let you fly.
                  | [Gargoyle growth]
 14586 | Lair:6   | Reached XP level 14. HP: 88/88 MP: 17/17
 14600 | Lair:6   | Reached skill level 5 in Armour
 14788 | Lair:6   | Killed Snorg
 14856 | Lair:6   | Found a gate leading to a gauntlet.
 14882 | Gauntlet | Entered a Gauntlet
 14882 | Gauntlet | Found a transporter.
 14893 | Gauntlet | Found a transporter.
 14907 | Gauntlet | Found a transporter.
 14913 | Gauntlet | Found a transporter.
 14928 | Gauntlet | Found a transporter.
 14947 | Gauntlet | Found a transporter.
 14959 | Gauntlet | Found a transporter.
 14971 | Gauntlet | Found a transporter.
 14983 | Gauntlet | Found a transporter.
 14995 | Gauntlet | Found a transporter.
 15015 | Gauntlet | Found a transporter.
 15030 | Gauntlet | Found a transporter.
 15032 | Gauntlet | Found a transporter.
 15064 | Gauntlet | Found a transporter.
 15066 | Gauntlet | Cast into level 3 of the Abyss (a wizard)
 15085 | Abyss:3  | Found a transporter.
 15085 | Abyss:3  | Noticed a tentacled starspawn
 15085 | Abyss:3  | Noticed a starcursed mass
 15086 | Abyss:3  | Found a corrupted altar of Lugonu.
 15086 | Abyss:3  | Noticed a tentacled monstrosity
 15087 | Abyss:3  | Noticed a tentacled starspawn
 15088 | Abyss:3  | Noticed a tentacled starspawn
 15144 | Abyss:3  | Reached ****** piety under Qazlal
 15162 | Abyss:3  | Noticed a tentacled starspawn
 15175 | Abyss:3  | Killed a tentacled starspawn
 15226 | Abyss:3  | Reached skill level 10 in Armour
 15297 | Abyss:3  | Noticed a profane servitor
 15334 | Abyss:3  | Gained mutation: [You are extremely frail. (-30% HP)] [a
                  | neqoxec]
 15386 | Abyss:4  | Noticed a starcursed mass
 15404 | Abyss:5  | Entered Level 5 of the Abyss
 15416 | Abyss:5  | HP: 1/61 [meliai (5)]
 15418 | Abyss:5  | Slain by a meliai

Illustrated notes

Levels and vault maps discovered:
D:1:      scummos_arrival_simple_crosswalls, layout_rooms
D:2:      layout_loops_ring, serial_shops, shop_fountains,
          minmay_fractal_squares_5, uniq_robin
D:3:      layout_rooms, nicolae_ru_sacrificial_ziggurat, st_stairs_1,
          chequers_serial_rivers_micro_a, uniq_sigmund
D:4:      layout_gridville, uniq_purgy
D:5:      layout_loops_ring, mainiacjoe_overflow_cross_hatched, serial_shops,
          kennysheep_mini_moat, shop, kennysheep_path_1,
          guppyfry_early_orc_mine, uniq_duvessa, uniq_grinder
D:6:      layout_rooms, mainiacjoe_overflow_alcove_4, minmay_temple_entry_tees,
          serial_shops, kennysheep_little_box, nrook_uturn,
          kennysheep_flooded_box, small_statue_intersection, minmay_microvault
D:7:      layout_rooms, mainiacjoe_overflow_catwalk, chequers_arboretum,
          uniq_joseph
D:8:      layout_basic, lightli_church_of_beogh, uniq_grum, uniq_erica
D:9:      layout_long_grid, mainiacjoe_overflow_chevrons, erik_lair_dragon,
          serial_shops, nicolae_shop_behind_doors
D:10:     layout_basic, mainiacjoe_overflow_concentric_impassable,
          grunt_temple_overflow_diamond, uniq_fannar
Temple:   nicolae_temple_figure_eight
Lair:1:   layout_chaotic_city, gammafunk_ghost_wrathful_warriors
Lair:2:   layout_regular_city, minmay_shoals_entry_lonely_mermaid, uniq_harold
Lair:3:   layout_chaotic_city, grunt_megastairs_5
Lair:4:   layout_hall_layers, minmay_snake_entry_guardpost_large,
          grunt_forest_large_clearings
Lair:5:   cheibrodos_lair_river_kwai, layout_regular_city, slime_dummy,
          serial_bayou_pond_a
Lair:6:   due_jungle_book, layout_gridlike, gauntlet_entry_generic,
          grunt_megastairs_2, infiniplex_staircase_pool, uniq_snorg
Abyss:5:  base: Bailey, bh_abyss_exit_spiral, evilmike_abyss_exit_plants,
          grunt_abyss_rune_wretched_hive
Gauntlet: gammafunk_gauntlet_one_two_three [gammafunk_gauntlet_arena_teeth,
          gammafunk_gauntlet_arena_arrow_garden, nicolae_gauntlet_swirl,
          gammafunk_gauntlet_arena_corners, gammafunk_gauntlet_arena_grid,
          gammafunk_gauntlet_arena_chambers, nicolae_gauntlet_arena_quarters,
          nicolae_gauntlet_arena_flowing_pool, gammafunk_gauntlet_arena_spirals,
          gauntlet_exit_hidden_loot]

Skill      XL: |  1  2  3  4  5  6  7  8  9 10 11 12 13 14 |
---------------+-------------------------------------------+-----
Fighting       | 1 2 3 4 6 7 9 10 | 10.6
Polearms       | 1 7 10 13 15 17 | 17.5
Axes           | 4 |  4.9
Armour         | 4 10 | 10.7
Short Blades   | |  0.8
Dodging        | |  1.5
Stealth        | |  3.2
Spellcasting   | |  2.0
Hexes          | |  2.6

Action                   |  1- 3 |  4- 6 |  7- 9 | 10-12 | 13-15 || total
-------------------------+-------+-------+-------+-------+-------++-------
Melee: Dagger            |   205 |    79 |       |       |       ||   284
       Glaive            |       |   101 |   101 |   531 |   599 ||  1332
       Short sword       |       |    33 |   302 |       |       ||   335
       Unarmed           |       |     3 |       |       |       ||     3
       Trident           |       |       |       |    44 |    26 ||    70
Throw: Dart              |       |       |       |     4 |       ||     4
 Cast: Corona            |       |     1 |       |       |       ||     1
  Use: Scroll            |     2 |       |    12 |    21 |     6 ||    41
       Potion            |       |       |       |     1 |     3 ||     4
 Stab: Sleeping          |     3 |     1 |     1 |       |       ||     5
Armor: Robe              |    22 |       |       |       |       ||    22
       Ring mail         |   100 |    20 |       |   290 |       ||   410
       Scale mail        |       |   137 |       |       |       ||   137
       Troll leather arm |       |     5 |   236 |    25 |       ||   266
       Crystal plate arm |       |       |       |   143 |   691 ||   834
Dodge: Dodged            |   164 |   139 |   278 |   234 |    42 ||   857
       Repelled          |       |       |       |       |     1 ||     1
Block: Other             |       |       |     5 |    88 |   226 ||   319
